 Dungeon Crawl Stone Soup version 0.24.1-1-gd1d2a07e1b (webtiles) character file.

Game seed: 1981760566946482927, levelgen mode: deterministic

1616 Heliosone the Fighter (level 8, -5/89 HPs)
             Began as an Ogre Transmuter on Apr 9, 2020.
             Was an Initiate of Makhleb.
             Slain by an unseen horror (9 damage)
             ... on level 7 of the Dungeon.
             The game lasted 00:13:13 (7341 turns).

Heliosone the Fighter (Ogre Transmuter)             Turns: 7341, Time: 00:13:14

Health: -5/89      AC:  4    Str: 15    XL:     8   Next: 96%
Magic:  16/20      EV: 11    Int: 16    God:    Makhleb [......]
Gold:   400        SH:  0    Dex:  9    Spells: 1/11 levels left

rFire    . . .     SeeInvis .     - Unarmed
rCold    . . .     Gourm    .   (no shield)
rNeg     . . .     Faith    .   b - +0 robe
rPois    .         Spirit   .   (helmet restricted)
rElec    .         Reflect  .   n - +0 cloak (curse)
rCorr    .         Harm     .   (gloves unavailable)
MR       .....                  (boots unavailable)
Stlth    +.........             (no amulet)
HPRegen  0.24/turn              v - ring of magical power
MPRegen  0.17/turn              (no ring)

@: no status effects
A: large, unfitting armour, tough skin 1
a: Renounce Religion


You were on level 7 of the Dungeon.
You worshipped Makhleb.
Makhleb was noncommittal.
You were not hungry.

You visited 1 branch of the dungeon, and saw 7 of its levels.

You collected 400 gold pieces.

Inventory:

Missiles
 a - 111 arrows
 p - 4 poisoned darts (quivered)
Armour
 b - a +0 robe (worn)
 n - a cursed +0 cloak (worn)
Jewellery
 v - a ring of magical power (left hand)
Wands
 r - a wand of random effects (33)
 y - a wand of iceblast (10)
Scrolls
 d - 7 scrolls of identify {unknown}
 e - a scroll of fog {unknown}
 f - 2 scrolls of enchant armour {unknown}
 g - 3 scrolls of teleportation {unknown}
 i - 2 scrolls of magic mapping {unknown}
 j - a scroll of blinking {unknown}
 k - a scroll of fear {unknown}
 q - 3 scrolls of remove curse {unknown}
 s - a scroll of enchant weapon {unknown}
Potions
 c - 4 potions of curing {unknown}
 h - 3 potions of haste {unknown}
 m - a potion of might {unknown}
 o - a potion of mutation {unknown}
 t - 3 potions of lignification {unknown}
 u - a potion of brilliance {unknown}
 x - a potion of degeneration {unknown}
Comestibles
 l - 7 rations


   Skills:
 - Level 8.4 Fighting
 - Level 4.9 Dodging
 - Level 6.4 Unarmed Combat
 - Level 2.4 Spellcasting
 + Level 3.2 Transmutations
 + Level 0.0 Ice Magic
 - Level 1.0 Poison Magic


You had one spell level left.
You knew the following spells:

 Your Spells              Type           Power        Failure   Level  Hunger
a - Beastly Appendage     Tmut           ##....       5%          1    #......
b - Sticks to Snakes      Tmut           ##......     8%          2    ###....
c - Spider Form           Tmut/Pois      #.........   26%         3    ###....
d - Ice Form              Ice/Tmut       #.......     71%         4    #####..

Your spell library contained the following spells:

 Spells                   Type           Power        Failure   Level  Hunger
 Blade Hands              Tmut           ##........   82%         5    ######.


Dungeon Overview and Level Annotations

Branches:
Dungeon (7/15)
 Temple: D:4-7

Altars:
Cheibriados
Elyvilon
Fedhas
Makhleb
Nemelex Xobeh
Okawaru
Sif Muna
Uskayaw
Zin
The Shining One

Shops:
D:7 *=

Annotations:
D:3 1 runed translucent door, hitsuchi's ghost, amateur OpVM


Innate Abilities, Weirdness & Mutations

You are too large for most types of armour.
You have tough skin. (AC +1)


Message History

* * * LOW HITPOINT WARNING * * *
Something hits you.
* * * LOW HITPOINT WARNING * * *
You hit something but do no damage. Something hits you but does no damage.
Something misses you.
You bite something! Something hits you!
* * * LOW HITPOINT WARNING * * *
You closely miss something. Something hits you.
* * * LOW HITPOINT WARNING * * *
Something hits you!
* * * LOW HITPOINT WARNING * * *
You swap places.
Your transformation has ended.
Your cursed +0 cloak unmelds from your body.
Your +0 robe unmelds from your body.
Something barely misses your ball python.
Something hits your ball python!
Your ball python dies!
Something hits you!
You die...

###...............#
.....<.#####.....#
.##....# #.....#
.##....#####...#.##
........#.........#
.###...........(..#
.# #.#..#.........#
........####...#.##
###..##.# #...#@#
#.# #.# .....#.# #.
#.#.###.##.###.# #
#.#............# #.
..##.##.#.### #.
#.#.# ..# # ###


There were no monsters in sight!

Vanquished Creatures
  An unseen horror (D:7)
  2 phantoms
  An ogre (D:7)
  2 centaurs
  Blork the orc (D:4)
  A howler monkey (D:4)
  2 crimson imps
  2 bullfrog zombies
  A centaur zombie (D:5)
  2 bullfrog skeletons (D:7)
  A hound (D:6)
  An iguana (D:7)
  5 worker ants
  An orc wizard (D:4)
  4 adders
  3 oozes
  An adder skeleton (D:5)
  2 dart slugs (D:1)
  A worm (D:2)
  10 orcs
  A giant cockroach (D:4)
  10 hobgoblins
  7 jackals
  2 quokkas (D:4)
  A ball python (D:2)
  6 bats
  5 frilled lizards (D:1)
  7 goblins
  7 kobolds
  3 rats (D:1)
93 creatures vanquished.

Vanquished Creatures (collateral kills)
  An adder (D:1)
  An orc (D:4)
2 creatures vanquished.

Grand Total: 95 creatures vanquished

Notes
Turn   | Place    | Note
-------+----------+-------------------------------------------
     0 | D:1      | Heliosone the Ogre Transmuter began the quest for the Orb.
     0 | D:1      | Reached XP level 1. HP: 19/19 MP: 3/3
   353 | D:1      | Reached XP level 2. HP: 23/27 MP: 3/5
   660 | D:1      | Reached XP level 3. HP: 27/33 MP: 4/6
   776 | D:1      | Learned a level 2 spell: Sticks to Snakes
   780 | D:1      | Learned a level 3 spell: Spider Form
  1061 | D:1      | Reached skill level 1 in Poison Magic
  2071 | D:2      | Reached skill level 2 in Fighting
  2071 | D:2      | Reached XP level 4. HP: 30/42 MP: 2/7
  2372 | D:2      | Found a shimmering blue altar of Sif Muna.
  2903 | D:3      | Found a runed translucent door.
  3252 | D:3      | Noticed hitsuchi's ghost (amateur OpVM)
  3769 | D:4      | Reached skill level 3 in Fighting
  3769 | D:4      | Reached XP level 5. HP: 27/53 MP: 1/8
  3947 | D:4      | Found a blossoming altar of Fedhas.
  3947 | D:4      | Found a white marble altar of Elyvilon.
  3949 | D:4      | Found a glowing silver altar of Zin.
  3951 | D:4      | Found an iron altar of Okawaru.
  3952 | D:4      | Found a glowing golden altar of the Shining One.
  4123 | D:4      | Found a burning altar of Makhleb.
  4135 | D:4      | Became a worshipper of Makhleb the Destroyer
  4154 | D:4      | Noticed a phantom
  4157 | D:4      | Noticed Blork the orc
  4283 | D:4      | Killed a phantom
  4283 | D:4      | Reached skill level 4 in Fighting
  4283 | D:4      | Reached XP level 6. HP: 22/63 MP: 0/9
  4508 | D:4      | Found a hide-covered altar of Uskayaw.
  4519 | D:4      | Killed Blork the orc
  4519 | D:4      | Reached skill level 5 in Fighting
  4521 | D:4      | Noticed a +0 dagger
  4521 | D:4      | Noticed a +0 hand axe
  4891 | D:4      | Found a sparkling altar of Nemelex Xobeh.
  4937 | D:5      | Entered Level 5 of the Dungeon
  4992 | D:5      | Reached XP level 7. HP: 46/72 MP: 10/10
  5459 | D:5      | Found a snail-covered altar of Cheibriados.
  5483 | D:5      | Reached skill level 6 in Fighting
  5915 | D:5      | Reached skill level 5 in Unarmed Combat
  6404 | D:6      | Reached XP level 8. HP: 68/84 MP: 11/11
  6681 | D:7      | Found Possaocy's Jewellery Boutique.
  6697 | D:7      | Reached skill level 7 in Fighting
  6821 | D:7      | Found Yxurroy's Assorted Antiques.
  6864 | D:7      | Killed an unseen horror
  6864 | D:7      | Reached skill level 8 in Fighting
  6986 | D:7      | Noticed a hippogriff
  7298 | D:6      | Learned a level 4 spell: Ice Form
  7339 | D:7      | HP: 3/89 [something (11)]
  7341 | D:7      | Slain by an unseen horror

Levels and vault maps discovered:
D:1:      psy_arrival_conway, layout_rooms
D:2:      layout_basic, nicolae_overflow_hidden_temple,
          kennysheep_cluttered_room, minmay_ruptured
D:3:      layout_loops_corners, gammafunk_ghost_grave
D:4:      layout_layer_cave, dancing_weapons_uskayaw,
          grunt_temple_overflow_open, nicolae_overflow_crystal_walls,
          nemelex_xobeh_ov_fountains_minmay, minmay_crystal_room,
          uniq_blork_the_orc
D:5:      layout_loops_corners, lemuel_crystal_altar, first_ration
D:6:      layout_rooms
D:7:      layout_loops_ring, minmay_temple_entry_wispy, serial_shops, shop,
          shop, shop, enter_ossuary_3

Skill      XL: |  1  2  3  4  5  6  7  8 |
---------------+-------------------------+-----
Transmutations | 2 3 |  3.2
Poison Magic   | 1 |  1.0
Fighting       | 2 3 4 5 6 8 |  8.4
Unarmed Combat | 3 4 5 6 |  6.4
Dodging        | 2 3 4 |  4.9
Spellcasting   | |  2.4

Action                   |  1- 3 |  4- 6 |  7- 9 || total
-------------------------+-------+-------+-------++-------
Melee: Unarmed           |   152 |   144 |   111 ||   407
       Kick              |     7 |     4 |     3 ||    14
       Headbutt          |     7 |     1 |       ||     8
       Punch             |       |       |     1 ||     1
Throw: Dart              |       |     2 |       ||     2
 Cast: Beastly Appendage |    20 |     4 |     1 ||    25
       Sticks to Snakes  |     3 |     4 |     5 ||    12
       Spider Form       |     2 |    14 |    11 ||    27
  Eat: Chunk             |     1 |     9 |     4 ||    14
       Ration            |     1 |     1 |     2 ||     4
Armor: Robe              |    44 |    13 |    10 ||    67
       Skin              |     5 |     3 |     9 ||    17
Dodge: Dodged            |   103 |    83 |    89 ||   275
